 Dungeon Crawl Stone Soup version 0.24.0-1-gfbc8707 (webtiles) character file.

Game seed: 6140249486940609183, levelgen mode: deterministic

189 Buxparty the Chopper (level 5, -6/41 HPs)
             Began as a Mummy Gladiator on Jan 6, 2020.
             Mangled by Edmund
             ... wielding a +0 flail of venom
              (11 damage)
             ... on level 4 of the Dungeon.
             The game lasted 00:07:39 (3128 turns).

Buxparty the Chopper (Mummy Gladiator)              Turns: 3128, Time: 00:07:39

Health: -6/41      AC:  7    Str: 19    XL:     5   Next: 40%
Magic:  5/5        EV: 13    Int:  7    God:
Gold:   141        SH:  0    Dex: 13    Spells: 4/4 levels left

rFire    x . .     SeeInvis .   a - +0 war axe
rCold    + . .     Gourm    .   (no shield)
rNeg     + + +     Faith    .   b - +0 leather armour
rPois    ∞         Spirit   .   c - +0 helmet
rElec    .         Reflect  .   r - +0 cloak
rCorr    .         Harm     .   m - +0 pair of gloves
MR       .....                  h - +0 pair of boots
Stlth    +.........             (no amulet)
HPRegen  0.13/turn              (no ring)
MPRegen  0.09/turn              (no ring)

@: very slow
A: no food or potions, fire vulnerability, cold resistance 1, negative energy
resistance 3, torment resistance, unbreathing
a: no special abilities


You were on level 4 of the Dungeon.
You were not hungry.

You visited 1 branch of the dungeon, and saw 4 of its levels.

You collected 141 gold pieces.

Inventory:

Hand Weapons
 a - a +0 war axe (weapon)
Missiles
 p - 7 poisoned darts (quivered)
 s - 4 silver boomerangs
Armour
 b - a +0 leather armour (worn)
 c - a +0 helmet (worn)
 h - a +0 pair of boots (worn)
 m - a +0 pair of gloves (worn)
 r - a +0 cloak (worn)
Jewellery
 g - an uncursed ring of protection from magic {unknown}
 o - a cursed amulet of inaccuracy {unknown}
Scrolls
 e - 4 scrolls of identify {unknown}
 f - 3 scrolls of teleportation {unknown}
 i - a scroll of random uselessness {unknown}
 j - a scroll of amnesia {unknown}
 k - 2 scrolls of immolation {unknown}
 l - 3 scrolls of remove curse {unknown}
 n - 2 scrolls of magic mapping {unknown}
 q - 2 scrolls of enchant weapon {unknown}


   Skills:
 + Level 3.2 Fighting
 * Level 4.0 Axes
 - Level 1.5 Throwing
 + Level 3.2 Dodging


You had 4 spell levels left.
You didn't know any spells.
Your spell library was empty.

Dungeon Overview and Level Annotations

Branches:
Dungeon (4/15)
 Temple: D:4-7

Altars:
Dithmenos
Elyvilon
Wu Jian
Xom
Yredelemnul
The Shining One

Shops:
D:4 [

Annotations:
D:4 Edmund


Innate Abilities, Weirdness & Mutations

You do not eat or drink.
Your flesh is vulnerable to fire.
You are immune to poison.
Your flesh is cold resistant. (rC+)
You are immune to negative energy. (rN+++)
You are immune to unholy pain and torment.
You can survive without breathing.


Message History

Edmund hits you with a +0 flail of venom.
The leopard gecko bites you.
You hit the leopard gecko.
You kill the leopard gecko!
You hit Edmund but do no damage.
Edmund hits you with a +0 flail of venom!
You miss the leopard gecko. You barely miss Edmund.
The leopard gecko bites you but does no damage.
Edmund hits you with a +0 flail of venom.
* * * LOW HITPOINT WARNING * * *
The leopard gecko bites you but does no damage.
Your unstable footing causes you to fumble your attack.
Edmund hits you with a +0 flail of venom.
* * * LOW HITPOINT WARNING * * *
The leopard gecko barely misses you.
You hit the leopard gecko.
You kill the leopard gecko!
You hit Edmund. Edmund barely misses you.
Edmund hits you with a +0 flail of venom!
You die...

### ..≈## .≈≈#
#≈.# #≈.# #≈.#
#≈@# #≈@#
#≈.## #. #≈w≈#
.. . #.≈≈# .#
#. ##≈.# .##
#.(# ##.# ..
##..########.#
#
.............#


You could see Edmund and a dart slug.

Vanquished Creatures
  An orc priest (D:4)
  A worker ant (D:4)
  3 adders
  A shadow imp (D:3)
  2 oozes
  A worm (D:3)
  6 leopard geckos
  7 orcs
  6 bats
  5 giant cockroaches
  2 gnoll zombies (D:2)
  6 goblins
  7 hobgoblins
  4 jackals (D:3)
  3 quokkas
  A ball python (D:2)
  8 frilled lizards
  5 kobolds
  A leopard gecko skeleton (D:4)
  9 rats
79 creatures vanquished.

Notes
Turn   | Place    | Note
-------+----------+-------------------------------------------
     0 | D:1      | Buxparty the Mummy Gladiator began the quest for the Orb.
     0 | D:1      | Reached XP level 1. HP: 16/16 MP: 1/1
   283 | D:1      | Reached XP level 2. HP: 18/22 MP: 2/2
   715 | D:2      | Reached skill level 3 in Axes
   819 | D:2      | Reached XP level 3. HP: 27/28 MP: 3/3
  1154 | D:2      | Found an ornate altar of the Wu Jian Council.
  1423 | D:2      | Found a basalt altar of Yredelemnul.
  1470 | D:3      | Found a shadowy altar of Dithmenos.
  1503 | D:3      | Reached XP level 4. HP: 20/34 MP: 4/4
  2190 | D:3      | Found a glowing golden altar of the Shining One.
  2457 | D:3      | Found a white marble altar of Elyvilon.
  2807 | D:4      | Found Nez Kanu's Antique Armour Boutique.
  2817 | D:4      | Reached XP level 5. HP: 31/41 MP: 5/5
  2819 | D:4      | Noticed a phantom
  2941 | D:4      | Reached skill level 4 in Axes
  2945 | D:4      | Found a shimmering altar of Xom.
  2945 | D:4      | Found a shimmering altar of Xom.
  2948 | D:4      | Found a shimmering altar of Xom.
  2953 | D:4      | Found a shimmering altar of Xom.
  2994 | D:4      | Noticed Edmund
  3128 | D:4      | Mangled by Edmund

Levels and vault maps discovered:
D:1:      giann_bridges, layout_rooms, corner_web_ring,
          chequers_serial_rivers_marsh
D:2:      layout_basic, lemuel_zombie_altar_yredelemnul, lemuel_doored_altar
D:3:      cheibrodos_helix_gallery, layout_basic, old_standard_altar,
          grunt_dithmenos_smoke, old_standard_altar, first_ration
D:4:      layout_rooms, marbit_many_paths, nicolae_xom_altar_mimics,
          gup_sewer_entry_pipe, serial_shops, nicolae_shop_crystal,
          tgw_kikubaaqudgha, uniq_edmund

Skill      XL: |  1  2  3  4  5 |
---------------+----------------+-----
Axes           | 3 4 |  4.0
Dodging        | 3 |  3.2
Fighting       | 3 |  3.2
Throwing       | |  1.5

Action                   |  1- 3 |  4- 6 || total
-------------------------+-------+-------++-------
Melee: War axe           |   154 |    99 ||   253
Throw: Throwing net      |       |     3 ||     3
Armor: Leather armour    |    71 |    30 ||   101
Dodge: Dodged            |   147 |    72 ||   219
